 Dungeon Crawl Stone Soup version 0.31.0-4-g52a2dc7128 (webtiles) character file.

Game seed: 4983975239226308249

110 Arcadio the Skirmisher (level 4, 0/38 HPs)
             Began as a Gnoll Hunter on Jan 22, 2024.
             Killed from afar by a hobgoblin (13 damage)
             ... with an iceblast
             ... on level 4 of the Dungeon.
             The game lasted 00:10:09 (1063 turns).

Arcadio the Skirmisher (Gnoll Hunter)               Turns: 1063, Time: 00:10:09

Health: 0/38       AC:  3    Str: 10    XL:     4   Next: 91%
Magic:  6/6        EV: 14    Int:  8    God:
Gold:   130        SH:  0    Dex: 18    Spells: 5/5 levels left

rFire   . . .        a - +0 shortbow
rCold   . . .        (shield currently unavailable)
rNeg    . . .        c - +0 leather armour
rPois   .            (no helmet)
rElec   .            (no cloak)
rCorr   .            (no gloves)
SInv    .            (no boots)
Will    .....        (no amulet)
Stlth   ++           (no ring)
HPRegen 0.26/turn    (no ring)
MPRegen 0.10/turn

%: no passive effects
@: no status effects
A: fangs 1, strong nose, distributed training
a: no special abilities


You were on level 4 of the Dungeon.
You visited 1 branch of the dungeon, and saw 6 of its levels.

You collected 130 gold pieces.

Inventory:

Hand Weapons
 a - a +0 shortbow (weapon)
 b - a +1 dagger of venom
Armour
 c - a +0 leather armour (worn)
Jewellery
 e - a ring of ice
Scrolls
 d - 2 scrolls of identify {unknown}
 g - a scroll of butterflies
Potions
 f - 2 potions of curing {unknown}
 h - a potion of resistance {unknown}
 i - 3 potions of degeneration {unknown}
 j - a potion of enlightenment {unknown}
 k - a potion of heal wounds {unknown}
 l - a potion of haste {unknown}


   Skills:
 + Level 4.7 Fighting
 + Level 1.3 Short Blades
 + Level 1.3 Long Blades
 + Level 1.3 Axes
 + Level 1.3 Maces & Flails
 + Level 1.3 Polearms
 + Level 1.3 Staves
 + Level 8.6 Ranged Weapons
 + Level 1.3 Throwing
 + Level 1.3 Armour
 + Level 4.7 Dodging
 + Level 2.7 Stealth
 + Level 1.3 Shields
 + Level 1.3 Unarmed Combat
 + Level 1.3 Spellcasting
 + Level 1.1 Conjurations
 + Level 1.1 Hexes
 + Level 1.1 Summonings
 + Level 1.1 Necromancy
 + Level 1.1 Translocations
 + Level 1.1 Fire Magic
 + Level 1.1 Ice Magic
 + Level 1.1 Air Magic
 + Level 1.1 Earth Magic
 + Level 1.1 Alchemy
 + Level 1.5 Invocations
 + Level 1.3 Evocations
 + Level 1.2 Shapeshifting


You had 5 spell levels left.
You didn't know any spells.
Your spell library was empty.

Dungeon Overview and Level Annotations

Branches:
Dungeon (6/15) Zot: 26729
 Temple: D:4-7

Altars:
Cheibriados

Shops:
D:2 ?

Annotations:
D:3 1 exclusion, Sigmund
D:4 Menkaure


Innate Abilities, Weirdness & Mutations

You have very sharp teeth.
Your uncanny sense of smell can sniff out nearby items.
Your experience applies equally to all skills.


Message History

Press: ? - help, Q - select action Shift-Dir - straight line, f - dart slug
Aim: a dart slug (94% to hit)
You shoot an arrow. The arrow hits the dart slug.
The dart slug is moderately wounded.
Fire: a) +0 shortbow
Press: ? - help, Q - select action Shift-Dir - straight line, f/p - dart slug
Aim: a dart slug (moderately wounded, 94% to hit)
You shoot an arrow.
The arrow hits the dart slug but does no damage.
The dart slug is moderately wounded.
Fire: a) +0 shortbow
Press: ? - help, Q - select action Shift-Dir - straight line, f/p - dart slug
Aim: a dart slug (moderately wounded, 94% to hit)
You shoot an arrow.
The arrow hits the dart slug but does no damage.
The dart slug is moderately wounded.
The dart slug launches a dart at you. The slug dart misses you.
Fire: a) +0 shortbow
Press: ? - help, Q - select action Shift-Dir - straight line, f/p - dart slug
Aim: a dart slug (moderately wounded, 94% to hit)
You shoot an arrow. The arrow hits the dart slug!
You kill the dart slug!
You start resting.
Magic restored.
You start resting.
HP restored.
You climb downwards.
Level annotation: Menkaure The goblin hits you with a +0 club.
Menkaure mumbles some strange words.
Menkaure seems to speed up.
The hobgoblin zaps a wand.
The mass of ice explodes!
The iceblast engulfs you!
The iceblast engulfs the goblin!!
The goblin dies!
There is a stone staircase leading up here.
Menkaure calls on the powers of darkness!
The goblin convulses!
The hobgoblin convulses!
Your body is wracked with pain!
The hobgoblin zaps a wand.
The mass of ice explodes!
The iceblast engulfs you!
You die...

#.# ##.# #######..#
##.....M).# ∆
###........## ∆
#.....###..g### #.....#
#...g.###
#.....#######...###
.........# ##..@)####
.........## ##......###
..._......### ########.#
............### .#
.........##...##### ##.#
#.....#####...#...###..#
#.....# ##...........#
#.....# #.#..##########
###.### #.#..## ##..#


You could see Menkaure (fast), a hobgoblin and a goblin.

Vanquished Creatures
  A bombardier beetle (D:4)
  A sleepcap (D:6)
  A gnoll (D:4)
  An adder (D:3)
  A dart slug (D:3)
  A ribbon worm (D:3)
  An orc (D:5)
  A ball python (D:3)
  An endoplasm (D:1)
  5 goblins
  4 hobgoblins
  7 jackals
  A quokka (D:4)
  2 bats (D:2)
  2 kobolds
30 creatures vanquished.

Vanquished Creatures (others)
  A goblin (D:4)
1 creature vanquished.

Grand Total: 31 creatures vanquished

Notes
Turn   | Place    | Note
-------+----------+-------------------------------------------
     0 | D:1      | Arcadio the Gnoll Hunter began the quest for the Orb.
     0 | D:1      | Reached XP level 1. HP: 20/20 MP: 1/1
   158 | D:2      | Found Cugiung's Magic Scroll Boutique.
   269 | D:2      | Reached XP level 2. HP: 21/26 MP: 2/2
   287 | D:3      | Noticed Sigmund
   536 | D:4      | Reached XP level 3. HP: 28/31 MP: 3/3
   548 | D:4      | Found a snail-covered altar of Cheibriados.
   557 | D:4      | Reached skill level 1 in Short Blades
   557 | D:4      | Reached skill level 1 in Long Blades
   557 | D:4      | Reached skill level 1 in Axes
   557 | D:4      | Reached skill level 1 in Maces & Flails
   557 | D:4      | Reached skill level 1 in Polearms
   557 | D:4      | Reached skill level 1 in Staves
   557 | D:4      | Reached skill level 1 in Throwing
   557 | D:4      | Reached skill level 1 in Armour
   557 | D:4      | Reached skill level 1 in Shields
   557 | D:4      | Reached skill level 1 in Unarmed Combat
   557 | D:4      | Reached skill level 1 in Spellcasting
   557 | D:4      | Reached skill level 1 in Invocations
   557 | D:4      | Reached skill level 1 in Evocations
   620 | D:4      | Reached skill level 1 in Shapeshifting
   620 | D:4      | Reached XP level 4. HP: 38/38 MP: 5/5
   672 | D:4      | Noticed a gnoll sergeant
   692 | D:5      | Entered Level 5 of the Dungeon
   801 | D:6      | Reached skill level 1 in Conjurations
   801 | D:6      | Reached skill level 1 in Hexes
   801 | D:6      | Reached skill level 1 in Summonings
   801 | D:6      | Reached skill level 1 in Necromancy
   801 | D:6      | Reached skill level 1 in Translocations
   801 | D:6      | Reached skill level 1 in Fire Magic
   801 | D:6      | Reached skill level 1 in Ice Magic
   801 | D:6      | Reached skill level 1 in Air Magic
   801 | D:6      | Reached skill level 1 in Earth Magic
   801 | D:6      | Reached skill level 1 in Alchemy
   819 | D:5      | Noticed a phantom
   919 | D:4      | Noticed Menkaure
  1063 | D:4      | Killed from afar by a hobgoblin

Illustrated notes

Levels and vault maps discovered:
D:1:      elethiomel_arrival_maze, layout_basic
D:2:      layout_basic, serial_shops, shop, supply_closet_lemuel,
          nicolae_hexahallways, nrook_campfire
D:3:      layout_basic, uniq_ijyb, uniq_sigmund
D:4:      layout_layer_cave, slow_altar_1, minmay_temple_entry_waves,
          nicolae_goblin_pals, uniq_menkaure
D:5:      layout_basic, grunt_decor_clamped, kennysheep_cross_room
D:6:      layout_rooms, gammafunk_ghost_grave, uniq_blork_the_orc, uniq_edmund

Skill      XL: |  1  2  3  4 |
---------------+-------------+-----
Short Blades   | 1 |  1.3
Long Blades    | 1 |  1.3
Axes           | 1 |  1.3
Maces & Flails | 1 |  1.3
Polearms       | 1 |  1.3
Staves         | 1 |  1.3
Throwing       | 1 |  1.3
Armour         | 1 |  1.3
Shields        | 1 |  1.3
Unarmed Combat | 1 |  1.3
Spellcasting   | 1 |  1.3
Invocations    | 1 |  1.5
Evocations     | 1 |  1.3
Shapeshifting  | 1 |  1.2
Conjurations   | 1 |  1.1
Hexes          | 1 |  1.1
Summonings     | 1 |  1.1
Necromancy     | 1 |  1.1
Translocations | 1 |  1.1
Fire Magic     | 1 |  1.1
Ice Magic      | 1 |  1.1
Air Magic      | 1 |  1.1
Earth Magic    | 1 |  1.1
Alchemy        | 1 |  1.1
Fighting       | |  4.7
Ranged Weapons | |  8.6
Dodging        | |  4.7
Stealth        | |  2.7

Action                     |  1- 3 |  4- 6 || total
---------------------------+-------+-------++-------
   Fire: Shortbow          |    60 |    28 ||    88
 Armour: Leather armour    |    22 |     8 ||    30
  Dodge: Dodged            |    22 |     5 ||    27
